 Dungeon Crawl Stone Soup version 0.19-a0-1899-g2d93087 (webtiles) character file.

11767 Amnesiac the Grappler (level 11, -3/102 HPs)
             Began as a Troll Monk on Oct 19, 2016.
             Was the Champion of Cheibriados.
             Shot with an arrow by a deep elf archer (25 damage)
             ... on level 2 of the Orcish Mines.
             The game lasted 00:15:23 (6360 turns).

Amnesiac the Grappler (Troll Monk)                  Turns: 6360, Time: 00:15:24

Health: -3/102     AC:  7    Str: 36    XL:     11   Next: 53%
Magic:  16/16      EV: 18    Int: 21    God:    Cheibriados [******]
Gold:   810        SH:  0    Dex: 30    Spells: 0 memorised, 10 levels left

rFire  . . .     SeeInvis +       - Unarmed
rCold  . . .     Gourm    +     a - +0 robe
rNeg   . . .     Faith    .     (no shield)
rPois  .         Spirit   .     y - +1 hat
rElec  .         Reflect  .     Q - +0 cloak {+Inv}
rCorr  .         Harm     .     (gloves unavailable)
MR     .....                    (boots unavailable)
Stlth  +++.......               E - amulet of regeneration
                                A - ring of see invisible
                                u - +2 ring of evasion

@: very slow
A: unfitting armour, claws 3, fast metabolism 3, gourmand, regeneration 1,
shaggy fur 1, tough skin 2
a: Bend Time, Temporal Distortion, Slouch, Step From Time, Renounce Religion,
Evoke Invisibility


You were on level 2 of the Orcish Mines.
You worshipped Cheibriados.
Cheibriados was exalted by your worship.
You were completely stuffed.

You visited 2 branches of the dungeon, and saw 12 of its levels.
You also visited: Sewer and Bailey.

You collected 810 gold pieces.

Inventory:

Hand Weapons
 g - a +2 blowgun
Missiles
 h - 3 curare-tipped needles
 i - 16 javelins of returning (quivered)
 s - 4 large rocks
 H - 4 throwing nets
Armour
 a - a +0 robe (worn)
 y - a +1 hat (worn)
 K - a +2 shield
 Q - a +0 cloak of invisibility (worn)
Jewellery
 k - an uncursed ring of protection from fire
 u - a +2 ring of evasion (left claw)
 A - a ring of see invisible (right claw)
 D - an uncursed ring of ice
 E - an amulet of regeneration (around neck)
 L - an uncursed ring of wizardry {unknown}
Wands
 t - a wand of lightning (1/15)
 B - a wand of paralysis (23/24)
 G - a wand of random effects (21/48)
 M - a wand of acid (4/15)
 T - a wand of iceblast (8/15)
Scrolls
 e - 3 scrolls of remove curse
 o - a scroll of recharging
 r - 3 scrolls of teleportation
 J - 3 scrolls of immolation
 N - 2 scrolls of identify
 P - a scroll of magic mapping
 S - 3 scrolls of enchant armour {unknown}
Potions
 f - a potion of agility
 l - 3 potions of heal wounds
 m - a potion of flight
 n - 3 potions of might {unknown}
 p - 4 potions of brilliance {unknown}
 q - 7 potions of curing {unknown}
 w - a potion of degeneration {unknown}
 z - a potion of invisibility {unknown}
 C - 2 potions of cure mutation {unknown}
 R - a potion of ambrosia
Books
 c - a book of Clouds

   Spells                             Type                      Level
   a - Mephitic Cloud                 Conjuration/Poison/Air       3
   b - Conjure Flame                  Conjuration/Fire             3
   c - Poisonous Cloud                Conjuration/Poison/Air       6
   d - Freezing Cloud                 Conjuration/Ice/Air          6
   e - Ring of Flames                 Charms/Fire                  7
 j - a book of Maledictions

   Spells                             Type                      Level
   a - Corona                         Hexes                        1
   b - Ensorcelled Hibernation        Hexes/Ice                    2
   c - Confuse                        Hexes                        3
   d - Tukima's Dance                 Hexes                        3
   e - Dazzling Spray                 Conjuration/Hexes            3
Miscellaneous
 O - a phantom mirror
Comestibles
 b - 10 bread rations
 d - 2 fruits
 v - 2 meat rations
 x - a royal jelly
 F - 3 chunks of flesh
 I - 6 beef jerkies


   Skills:
 - Level 5.1 Fighting
 - Level 3.3 Throwing
 - Level 6.5 Dodging
 - Level 2.6 Stealth
 - Level 12.4 Unarmed Combat
 + Level 8.2 Invocations


You had 10 spell levels left.
You didn't know any spells.

Dungeon Overview and Level Annotations

Branches:
Dungeon (10/15)            Temple (0/1) D:7            Lair (0/6) D:10
    Orc (2/2) D:10            Elf (0/3) Orc:2

Altars:
Ashenzari
Cheibriados
Hepliaklqana
Okawaru
Qazlal
Ru
Sif Muna
Uskayaw
Xom

Shops:
D:5 (   D:7 ?[%   D:9 [

Portals:
Trove: D:10 (show abyssal rune of Zot)


Innate Abilities, Weirdness & Mutations

You are too large for most types of armour.
You have claws for hands.
Your metabolism is lightning-fast.
You like to eat raw meat.
Your natural rate of healing is unusually fast.
You are covered in fur. (AC +1)
You have very tough skin. (AC +2)


Message History

No target in view!
No target in view!
The deep elf archer hits you with an uncursed dagger!!
The deep elf archer misses you.
You scratch the deep elf archer.
The deep elf archer is lightly wounded.
You scratch the deep elf archer but do no damage.
The deep elf archer is lightly wounded.
The deep elf archer blinks!
The deep elf archer unwields an uncursed dagger.
The deep elf archer wields an uncursed runed longbow.
The deep elf archer shoots an arrow.
The arrow hits you.
The deep elf archer shoots an arrow.
The arrow hits you!
You see here 2 arrows.
The deep elf archer shoots an arrow.
The arrow hits you!!
You see here an arrow.
The deep elf archer shoots an arrow.
The arrow hits you!
* * * LOW HITPOINT WARNING * * *
x2 The deep elf archer shoots an arrow.
The arrow hits you!!
You die...

..................##...#.##
...............#.###......#
........)......##........#.#
........))#............##...
.......)................#<..
..#..............###........
.................#####..#..
..................# ..#...
............((@..e# .#....
............#....## ..
............##.#.#
###.###.......#..$. ##
#.......>#...#
#........##.## ...........
## ........#.# #.#.#


You could see a deep elf archer.

Vanquished Creatures
  An orc high priest (Orc:1)
  The ghost of Amnesiac the Ruffian, a novice TrMo of Cheibriados (D:9)
  A hill giant (D:10)
  Maurice (D:9)
  Psyche (D:8)
  2 trolls
  A hornet (D:10)
  2 hippogriffs
  3 yaks (D:10)
  A hungry ghost (D:10)
  2 soldier ants (D:6)
  A water moccasin (D:9)
  An ice beast (D:6)
  21 orc warriors
  2 black bears
  4 ogres
  An eye of draining (D:9)
  A necrophage (D:8)
  2 phantoms
  3 crocodiles
  12 centaurs
  3 big kobolds
  A bullfrog (D:6)
  5 scorpions
  2 wyvern skeletons (D:10)
  5 wights (D:7)
  16 killer bees
  5 howler monkeys
  An electric eel (D:10)
  4 crimson imps
  2 bullfrog zombies
  A quasit (D:10)
  A jelly (D:10)
  5 hounds
  13 orc priests
  15 orc wizards
  3 centaur skeletons
  An iguana (D:7)
  6 worker ants
  3 hound zombies
  A worker ant zombie (D:9)
  A gnoll (D:1)
  A howler monkey skeleton (D:4)
  9 adders
  A shadow imp (D:10)
  2 oozes
  2 adder zombies
  2 adder skeletons
  A worm (D:3)
  2 leopard geckos
  76 orcs
  3 ball pythons
  11 giant cockroaches
  8 goblins
  3 hobgoblins
  3 jackals
  4 quokkas
  2 bats
  3 frilled lizards
  A jackal skeleton (D:5)
  26 kobolds
  A quokka skeleton (D:5)
  5 rats
  A plant (D:10)
325 creatures vanquished.

Vanquished Creatures (others)
  A scorpion (D:6)
1 creature vanquished.

Grand Total: 326 creatures vanquished

Notes
Turn   | Place    | Note
-------+----------+-------------------------------------------
     0 | D:1      | Amnesiac the Troll Monk began the quest for the Orb.
     0 | D:1      | Reached XP level 1. HP: 22/22 MP: 0/0
    88 | D:1      | Reached XP level 2. HP: 22/29 MP: 1/1
   230 | D:2      | Reached skill level 4 in Unarmed Combat
   270 | D:2      | Reached XP level 3. HP: 36/36 MP: 2/2
   400 | D:3      | Found a hazy altar of Hepliaklqana.
   402 | D:3      | Found a deep blue altar of Sif Muna.
   403 | D:3      | Found a snail-covered altar of Cheibriados.
   405 | D:3      | Found a hide-covered altar of Uskayaw.
   414 | D:3      | Became a worshipper of Cheibriados the Contemplative
   414 | D:3      | Reached * piety under Cheibriados
   414 | D:3      | Reached ** piety under Cheibriados
   528 | D:3      | Reached skill level 5 in Unarmed Combat
   528 | D:3      | Reached XP level 4. HP: 44/44 MP: 3/3
   529 | D:3      | Found a glowing drain.
   540 | Sewer    | Entered a sewer
   559 | Sewer    | Noticed a big kobold
   569 | Sewer    | Killed a big kobold
   569 | Sewer    | Reached XP level 5. HP: 50/50 MP: 4/4
   756 | Sewer    | Reached skill level 6 in Unarmed Combat
   757 | Sewer    | Reached *** piety under Cheibriados
   884 | D:4      | Found a sacrificial altar of Ru.
  1048 | D:4      | Found an iron altar of Okawaru.
  1049 | D:4      | Found a shimmering altar of Xom.
  1129 | D:4      | Noticed a phantom
  1143 | D:4      | Killed a phantom
  1143 | D:4      | Reached XP level 6. HP: 52/61 MP: 5/5
  1220 | D:4      | Found a shattered altar of Ashenzari.
  1488 | D:5      | Entered Level 5 of the Dungeon
  1630 | D:5      | Reached XP level 7. HP: 17/68 MP: 6/6
  1655 | D:5      | Found Dothiffe's Weapon Shoppe.
  1801 | D:5      | Found a sacrificial altar of Ru.
  1812 | D:5      | Reached **** piety under Cheibriados
  2093 | D:6      | Reached skill level 5 in Dodging
  2121 | D:6      | Found a runed door.
  2150 | D:6      | Found a runed door.
  2157 | D:6      | Reached XP level 8. HP: 70/78 MP: 7/7
  2161 | D:6      | Reached skill level 7 in Unarmed Combat
  2252 | D:6      | Reached skill level 8 in Unarmed Combat
  2254 | D:6      | Found a stormy altar of Qazlal.
  2436 | D:6      | Reached ***** piety under Cheibriados
  2548 | D:6      | Reached skill level 9 in Unarmed Combat
  2656 | D:7      | Reached XP level 9. HP: 71/84 MP: 8/8
  2684 | D:7      | Found Methru's Magic Scroll Shoppe.
  2722 | D:7      | Found Nen Jem's Armour Shop.
  2729 | D:7      | Reached skill level 10 in Unarmed Combat
  2734 | D:7      | Found Ymoetyv's Food Emporium.
  2788 | D:7      | Found a staircase to the Ecumenical Temple.
  3328 | D:8      | Noticed Psyche
  3338 | D:8      | Killed Psyche
  3338 | D:8      | Reached skill level 11 in Unarmed Combat
  3583 | D:8      | Reached skill level 1 in Throwing
  3867 | D:9      | Reached XP level 10. HP: 85/94 MP: 9/9
  3986 | D:9      | Reached skill level 12 in Unarmed Combat
  4023 | D:9      | Reached ****** piety under Cheibriados
  4230 | D:9      | Found Tamugeg's Armour Shop.
  4415 | D:9      | Noticed Maurice
  4426 | D:9      | Killed Maurice
  4426 | D:9      | Reached skill level 5 in Fighting
  4448 | D:9      | Noticed Amnesiac's ghost (novice TrMo)
  4461 | D:9      | Killed Amnesiac's ghost
  4461 | D:9      | HP: 2/96 [cloud of flame (10)]
  4786 | D:10     | Entered Level 10 of the Dungeon
  4794 | D:10     | Reached skill level 1 in Invocations
  4886 | D:10     | Noticed a hill giant
  4896 | D:10     | Killed a hill giant
  5034 | D:10     | Found a staircase to the Lair.
  5094 | D:10     | Found a flagged portal.
  5108 | Bailey   | Entered a bailey
  5124 | Bailey   | Reached XP level 11. HP: 102/102 MP: 13/13
  5164 | Bailey   | Reached skill level 5 in Invocations
  5870 | D:10     | Found a portal to a secret trove of treasure.
  6033 | D:10     | Found a staircase to the Orcish Mines.
  6059 | Orc:1    | Entered Level 1 of the Orcish Mines
  6059 | Orc:1    | Noticed an orc high priest
  6065 | Orc:1    | Killed an orc high priest
  6291 | Orc:2    | Entered Level 2 of the Orcish Mines
  6312 | Orc:2    | Found a staircase to the Elven Halls.
  6350 | Orc:2    | Noticed a deep elf archer
  6360 | Orc:2    | Shot with an arrow by a deep elf archer

Vault maps used:
D:1:      arrival_zaba_pyramid, serial_corexii_hall, corexii_hall_statues_i,
          corexii_hall_statues_i, minmay_tripent
D:2:      marbit_many_paths, minivault_25, uniq_crazy_yiuf_cottage
D:3:      minitemple, first_bread, portal_sewer_entry_d, lemuel_statue_altar
D:4:      ashenzari_conservatory_becter, gammafunk_temple_overflow_pools,
          serial_bayou_pond_e, hangedman_ru_absence
D:5:      basic_altar, serial_shops, nicolae_shop_temple_entry_statues_fountains
D:6:      lemuel_insect_pit, nicolae_qazlal_eye_of_the_storm, centaur_isle
D:7:      serial_shops, nicolae_shop_behind_doors, shop,
          nicolae_shop_competitors_out_of_business,
          nicolae_shop_temple_entry_statues_fountains
D:8:      grunt_ogre_cave, uniq_psyche
D:9:      serial_shops, nicolae_shop_stone, kennysheep_dice, uniq_maurice
D:10:     dpeg_oklobed_lair, erik_orc_2, enter_bailey_3, enter_trove_2
Orc:2:    pf_orc_diabolical, mines1_david
Sewer:    kennysheep_pipe_town
Bailey:   bailey_polearm_flooded_kennysheep, bailey

Skill      XL: |  1  2  3  4  5  6  7  8  9 10 11 |
---------------+----------------------------------+-----
Unarmed Combat | 4 5 6 9 11 12 | 12.4
Fighting       | 3 4 5 |  5.1
Dodging        | 3 5 6 |  6.5
Throwing       | 1 3 |  3.3
Stealth        | 2 |  2.6
Invocations    | 4 8 |  8.2

Action                   |  1- 3 |  4- 6 |  7- 9 | 10-12 || total
-------------------------+-------+-------+-------+-------++-------
Melee: Unarmed           |    83 |   118 |   250 |   334 ||   785
       Punch             |     1 |     2 |    10 |    33 ||    46
Throw: Javelin           |       |       |       |     3 ||     3
Invok: Slouch            |       |       |       |     3 ||     3
Evoke: Wand              |       |       |       |     2 ||     2
  Use: Potion            |       |       |     1 |     4 ||     5
       Scroll            |       |       |     6 |     5 ||    11
 Stab: Sleeping          |     2 |     2 |     6 |     5 ||    15
       Distracted        |       |     1 |       |     3 ||     4
  Eat: Chunk             |    10 |     7 |    15 |    25 ||    57
Armor: Robe              |    20 |    42 |    53 |    71 ||   186
Dodge: Dodged            |    36 |    72 |   194 |   472 ||   774
